 Dungeon Crawl Stone Soup version 0.21.1-1-g345015f (webtiles) character file.

102 n0claF the Ducker (level 4, 0/34 HPs)
             Began as a Demonspawn Gladiator on July 4, 2018.
             Killed by nerve-wracking pain
             ... invoked by an orc priest
              (11 damage)
             ... on level 3 of the Dungeon.
             The game lasted 00:04:30 (1949 turns).

n0claF the Ducker (Demonspawn Gladiator)            Turns: 1949, Time: 00:04:31

Health: 0/34       AC: 10    Str: 15    XL:     4   Next: 50%
Magic:  0/4        EV: 12    Int: 10    God:
Gold:   85         SH:  0    Dex: 14    Spells: 3/3 levels left

rFire    . . .     SeeInvis .   a - +0 long sword
rCold    . . .     Gourm    .   (no shield)
rNeg     . . .     Faith    .   g - +4 ring mail
rPois    .         Spirit   +   c - +0 helmet
rElec    .         Reflect  .   (no cloak)
rCorr    .         Harm     .   (no gloves)
MR       .....                  (no boots)
Stlth    ..........             (no amulet)
HPRegen  0.11/turn              (no ring)
MPRegen  0.09/turn              (no ring)

@: no status effects
A: hooves 1, magic shield
a: no special abilities


You were on level 3 of the Dungeon.
You were hungry.

You visited 1 branch of the dungeon, and saw 3 of its levels.

You collected 85 gold pieces.

Inventory:

Hand Weapons
 a - a +0 long sword (weapon)
Missiles
 d - 3 throwing nets (quivered) {!f}
Armour
 c - a +0 helmet (worn)
 g - a +4 ring mail (worn)
   (You found it on level 1 of the Dungeon)
Scrolls
 f - a scroll of blinking {unknown}
 h - 2 scrolls of amnesia {unknown}
 k - 3 scrolls of teleportation {unknown}
 n - a scroll of identify {unknown}
Potions
 i - a potion of heal wounds {unknown}
 j - a potion of resistance {unknown}
 l - a potion of invisibility {unknown}
 m - a potion of degeneration {unknown}
 o - a potion of agility {unknown}
Comestibles
 b - 9 chunks of flesh
 e - 5 rations {!d}


   Skills:
 + Level 2.9 Fighting
 + Level 3.3 Long Blades
 - Level 1.7 Throwing
 + Level 1.6 Armour
 + Level 3.4 Dodging


You had 3 spell levels left.
You didn't know any spells.

Dungeon Overview and Level Annotations

Branches:
Dungeon (3/15)

Altars:
Trog
Uskayaw


Innate Abilities, Weirdness & Mutations

You have large cloven feet.
When hurt, damage is shared between your health and your magic reserves.


Message History

2 orcs come into view.
Unknown command.
You hit the dart slug. The dart slug misses you.
You riposte.
You hit the dart slug.
You kick the dart slug, but do no damage.
The orc misses you.
You hit the dart slug.
You kill the dart slug!
The orc barely misses you.
You are feeling hungry.
You slash the orc priest! Your kick misses the orc priest.
The orc hits you with a trident. The orc priest closely misses you.
You hit the orc priest. The orc hits you but does no damage.
The orc priest closely misses you. The orc closely misses you.
You riposte.
You closely miss the orc.
The orc shouts!
Your kick misses the orc.
You hear a shout!
You hit the orc priest but do no damage.
You kick the orc priest, but do no damage.
The orc closely misses you.
The orc priest hits you with a hand axe.
The orc closely misses you. x2; You riposte.
You slash the orc!
You kill the orc!
You hit the orc priest.
You kick the orc priest, but do no damage.
The orc priest calls down the wrath of Beogh upon you.
Beogh smites you! The orc closely misses you.
You hit the orc priest but do no damage.
Your kick misses the orc priest. The orc hits you with a short sword.
The orc priest barely misses you. The orc hits you but does no damage. x2
You closely miss the orc priest.
You kick the orc priest, but do no damage.
The orc priest hits you but does no damage.
The orc completely misses you.
You riposte.
You slash the orc!
You kill the orc!
The orc hits you with a flail.
* * * LOW HITPOINT WARNING * * *
You hit the orc priest but do no damage.
You kick the orc priest, but do no damage.
The orc priest barely misses you. The orc hits you but does no damage.
You hit the orc priest but do no damage.
Your kick misses the orc priest. The orc priest misses you.
The orc hits you with a flail.
* * * LOW HITPOINT WARNING * * *
You hit the orc priest but do no damage.
You kick the orc priest.
The orc priest mumbles some strange prayers to Beogh against you.
Pain shoots through your body!
You die...

......##.....#####
........................oo
########.......# #........
###.......# #......?.
#.......### #....o...
#.......# #......#
#...##..#####.oo...#
#...#.......#......#
#...#......@#......#
.....#.....)ooo..##.#
......#...........#
.............#.........
......................#
..................#
.....##....##......#
..........#..........
...........#. .....#.


You could see an orc priest and 2 orcs.

Vanquished Creatures
  3 adders
  3 oozes
  4 dart slugs
  3 leopard geckos (D:2)
  4 orcs (D:3)
  2 giant cockroaches
  2 goblins
  9 hobgoblins
  2 quokkas (D:2)
  4 bats
  3 frilled lizards
  4 kobolds
  4 rats
47 creatures vanquished.

Notes
Turn   | Place    | Note
-------+----------+-------------------------------------------
     0 | D:1      | n0claF the Demonspawn Gladiator began the quest for the Orb.
     0 | D:1      | Reached XP level 1. HP: 16/16 MP: 1/1
   123 | D:1      | Gained mutation: When hurt, damage is shared between your health and your magic reserves. [demonic ancestry]
   123 | D:1      | Reached XP level 2. HP: 12/22 MP: 2/2
  1018 | D:2      | Reached skill level 1 in Armour
  1021 | D:2      | Reached XP level 3. HP: 28/28 MP: 3/3
  1295 | D:2      | Found a hide-covered altar of Uskayaw.
  1459 | D:2      | Found a bloodstained altar of Trog.
  1683 | D:2      | Gained mutation: You have large cloven feet. [demonic ancestry]
  1683 | D:2      | Reached XP level 4. HP: 34/34 MP: 4/4
  1949 | D:3      | Killed from afar by an orc priest

Skill      XL: |  1  2 |
---------------+-------+-----
Long Blades    | 3 |  3.3
Dodging        | 3 |  3.4
Armour         | 1 |  1.6
Fighting       | |  2.9
Throwing       | |  1.7

Action                   |  1- 3 |  4- 6 || total
-------------------------+-------+-------++-------
Melee: Long sword        |    95 |    39 ||   134
       Kick              |       |    17 ||    17
  Eat: Chunk             |     3 |       ||     3
Armor: Leather armour    |     8 |       ||     8
       Ring mail         |    27 |    26 ||    53
Dodge: Dodged            |    67 |    42 ||   109
       Rpst.: Long sword |    29 |    10 ||    39
